 Dungeon Crawl Stone Soup version 0.31-a0-1237-gabc64e778c (webtiles) character file.

Game seed: 4043745453542231713

634 MachoJfn the Chopper (level 7, 0/52 HPs)
             Began as a Demonspawn Gladiator on Dec 14, 2023.
             Was a Priest of Jiyva.
             Succumbed to a water moccasin's poison
             ... on level 7 of the Dungeon on Dec 15, 2023.
             The game lasted 00:22:43 (6064 turns).

MachoJfn the Chopper (Demonspawn Gladiator)         Turns: 6064, Time: 00:22:44

Health: 0/52       AC:  7    Str: 14    XL:     7   Next: 25%
Magic:  5/7        EV: 13    Int: 10    God:    Jiyva [***...]
Gold:   248        SH:  0    Dex: 15    Spells: 6/6 levels left

rFire   + . .        a - +0 war axe
rCold   . . .        (no shield)
rNeg    . . .        b - +0 leather armour
rPois   .            c - +1 helmet
rElec   .            e - +1 cloak
rCorr   +            (no gloves)
SInv    .            (no boots)
Will    .....        (no amulet)
Stlth   ++           k - ring of flight
HPRegen 1.40/turn    o - ring of protection from fire
MPRegen 0.45/turn

%: no passive effects
@: lethally poisoned (0 -> -1), calling ooze, flying, invisible
A: ignite blood 1, demonic magic 2, wild magic 2, jelly sensing items, jelly
absorbing missiles
a: Renounce Religion, Oozemancy


You were on level 7 of the Dungeon.
You worshipped Jiyva.
Jiyva was most pleased with you.
You visited 1 branch of the dungeon, and saw 7 of its levels.

You collected 248 gold pieces.

Inventory:

Hand Weapons
 a - a +0 war axe (weapon)
Missiles
 d - 3 throwing nets (quivered)
 i - 48 stones
 n - 6 poisoned darts
 q - 3 boomerangs
Armour
 b - a +0 leather armour (worn)
 c - a +1 helmet (worn)
 e - a +1 cloak (worn)
Magical Staves
 g - a staff of fire
Jewellery
 k - a ring of flight (left hand)
 o - a ring of protection from fire (right hand)
Wands
 s - a wand of iceblast (8)
Scrolls
 f - 2 scrolls of blinking
 l - 5 scrolls of identify
 m - a scroll of revelation
 t - 3 scrolls of teleportation
Potions
 h - a potion of magic


   Skills:
 + Level 3.3 Fighting
 + Level 5.2 Axes
 - Level 1.8 Throwing
 + Level 2.7 Armour
 + Level 3.7 Dodging
 + Level 1.4 Stealth
 - Level 2.0 Fire Magic


You had 6 spell levels left.
You didn't know any spells.
Your spell library contained the following spells:

 Spells                   Type           Power      Damage    Failure   Level
 Tukima's Dance           Hex            0%         N/A       90%         3
 Passage of Golubria      Tloc           0%         N/A       100%        4
 Yara's Violent Unravell  Hex/Tmut       0%         3d3       100%        5


Dungeon Overview and Level Annotations

Branches:
Dungeon (7/15)             Temple (0/1) D:5

Altars:
Cheibriados
Fedhas
Nemelex Xobeh
Qazlal
Ru
Sif Muna
Wu Jian
Jiyva

Shops:
D:5 ?


Innate Abilities, Weirdness & Mutations

Your demonic aura sometimes causes spilled blood to erupt in flames.
Spells you cast may paralyse nearby enemies.
Your spells are harder to cast, but more powerful.
You have a small jelly attached to you that senses nearby items.
You have a small jelly attached to you that may absorb projectiles.


Message History

The water moccasin bites you.
You are more poisoned.
The water moccasin poisons you!
You hit the water moccasin.
The water moccasin is heavily wounded.
You feel extremely sick.
The water moccasin is engulfed in blazing flames.
The water moccasin bites you!
* * * LOW HITPOINT WARNING * * *
You are lethally poisoned!
The water moccasin poisons you!
You closely miss the water moccasin.
The water moccasin is almost dead.
* * * LOW HITPOINT WARNING * * *
You feel extremely sick.
The water moccasin is engulfed in blazing flames.
You kill the water moccasin!
There is a lethal amount of poison in your body!
It was a potion of invisibility.
You fade into invisibility!
* * * LOW HITPOINT WARNING * * *
You feel very sick.
You fail to use your ability.
* * * LOW HITPOINT WARNING * * *
You feel very sick.
Activating: Oozemancy (11% risk of failure)
Press: ? - help, Dir - look around, f - activate You can't see that place. [a slime covered rock wall.] Slime begins to ooze from the nearby walls!
You can no longer turn your foes to slime.
* * * LOW HITPOINT WARNING * * *
You feel very sick.
Unknown command.
* * * LOW HITPOINT WARNING * * *
You feel sick.
There is a lethal amount of poison in your body!
There is a lethal amount of poison in your body!
There is a lethal amount of poison in your body!
You die...

#..... #.....#
.......## ##
........# ..##
........####...#..
.......).........#
......).).<)....#
.......).#####..#
.......)@#
.......#..#
......###..#
#....# .... ##...
..... #... .......
#. ....... .......


There were no monsters in sight!

Vanquished Creatures
  A water moccasin (D:7)
  A kobold brigand (D:7)
  A bullfrog (D:6)
  A scorpion (D:6)
  A hound (D:4)
  An orc priest (D:6)
  Crazy Yiuf (D:2)
  3 iguanas
  An orc wizard (D:5)
  5 adders
  3 gnolls (D:3)
  2 ufetubi (D:3)
  2 worms
  A dart slug (D:3)
  10 orcs
  5 endoplasms
  4 giant cockroaches
  8 goblins
  8 hobgoblins
  A jackal (D:4)
  9 kobolds
  6 quokkas
  5 ball pythons
  6 bats
  4 frilled lizards
  4 rats
94 creatures vanquished.

Vanquished Creatures (others)
  A hound (D:6)
  6 jellies (D:6)
  An iguana (D:5)
  An orc wizard (D:5)
  2 ufetubi (D:6)
  4 orcs
  A giant cockroach (D:4)
  3 jackals (D:4)
  2 kobolds (D:3)
21 creatures vanquished.

Grand Total: 115 creatures vanquished

Notes
Turn   | Place    | Note
-------+----------+-------------------------------------------
     0 | D:1      | MachoJfn the Demonspawn Gladiator began the quest for the
                  | Orb.
     0 | D:1      | Reached XP level 1. HP: 16/16 MP: 1/1
    71 | D:1      | Reached skill level 3 in Axes
    71 | D:1      | Gained mutation: Spells you cast may paralyse adjacent
                  | enemies. [demonic ancestry]
    71 | D:1      | Reached XP level 2. HP: 22/22 MP: 2/2
   532 | D:2      | Reached XP level 3. HP: 17/27 MP: 3/3
   893 | D:2      | Reached skill level 1 in Fire Magic
   998 | D:2      | Found a runed translucent door.
   999 | D:2      | Noticed Crazy Yiuf
  1232 | D:3      | Found a faded altar of an unknown god.
  1240 | D:3      | Prayed at the altar of an unknown god.
  1240 | D:3      | Became a worshipper of Jiyva Jodeoj the Shapeless
  1240 | D:3      | Reached * piety under Jiyva
  1333 | D:3      | Found a blossoming altar of Fedhas.
  1514 | D:3      | Gained mutation: Spells you cast may paralyse nearby
                  | enemies. [demonic ancestry]
  1514 | D:3      | Reached XP level 4. HP: 34/34 MP: 4/4
  1758 | D:3      | Reached ** piety under Jiyva
  1777 | D:3      | Reached skill level 1 in Armour
  2960 | D:2      | Upgraded the game from 0.31-a0-1227-g0136665373 to
                  | 0.31-a0-1237-gabc64e778c
  3012 | D:2      | Killed Crazy Yiuf
  3013 | D:2      | Reached XP level 5. HP: 30/39 MP: 5/5
  3137 | D:4      | Found a stormy altar of Qazlal.
  3174 | D:4      | Found a snail-covered altar of Cheibriados.
  3197 | D:4      | Reached skill level 4 in Axes
  4102 | D:5      | Entered Level 5 of the Dungeon
  4127 | D:5      | Found Toxky's Magic Scroll Shop.
  4283 | D:5      | Gained mutation: Your demonic aura sometimes causes spilled
                  | blood to erupt in flames. [demonic ancestry]
  4283 | D:5      | Reached XP level 6. HP: 45/46 MP: 6/6
  4306 | D:5      | Reached *** piety under Jiyva
  4439 | D:5      | Gained mutation: You have a small jelly attached to you
                  | that may absorb projectiles. [Jiyva's grace]
  4439 | D:5      | Gained mutation: You have a small jelly attached to you
                  | that senses nearby items. [Jiyva's grace]
  4439 | D:5      | Gained mutation: Your spells are a little harder to cast,
                  | but a little more powerful. [Jiyva's grace]
  4439 | D:5      | Gained mutation: Your spells are harder to cast, but more
                  | powerful. [Jiyva's grace]
  4643 | D:5      | Found a staircase to the Ecumenical Temple.
  4884 | D:6      | Reached skill level 1 in Stealth
  4935 | D:6      | Reached **** piety under Jiyva
  5017 | D:6      | Found a sparkling altar of Nemelex Xobeh.
  5017 | D:6      | Found an ornate altar of the Wu Jian Council.
  5142 | D:6      | Found a shimmering blue altar of Sif Muna.
  5145 | D:6      | Found a sacrificial altar of Ru.
  6026 | D:7      | Noticed a water moccasin
  6045 | D:7      | Reached skill level 5 in Axes
  6045 | D:7      | Reached XP level 7. HP: 4/52 MP: 7/7
  6062 | D:7      | HP: 1/52 [poisoned by a water moccasin]
  6064 | D:7      | Succumbed to a water moccasin's poison

Illustrated notes

Levels and vault maps discovered:
D:1:      roderic_chinese_lattice_arrival, layout_rooms, minivault_23
D:2:      layout_basic, uniq_crazy_yiuf_cottage
D:3:      layout_loops_cross, fedhas_altar_fruit_tree, basic_ecumenical_altar,
          minmay_misc_feat_chi
D:4:      layout_basic, chequers_temple_overflow_statue_of_worship,
          minmay_misc_feat_tower, hangedman_abyss_or_decor_jellyfish_corner
D:5:      layout_basic, minmay_temple_entry_stoned_glass, serial_shops, shop,
          chequers_serial_rivers_large_a, minivault_4, grunt_ministairs_15,
          nicolae_titane
D:6:      layout_loops_cross, nicolae_overflow_hallway_of_the_gods
D:7:      layout_layer_cave, kennysheep_crisscross, kennysheep_small_spiral,
          hangedman_minor_gate_pass, uniq_joseph

Skill      XL: |  1  2  3  4  5  6 |
---------------+-------------------+-----
Axes           | 3 4 5 |  5.2
Dodging        | 3 |  3.7
Fire Magic     | 1 2 |  2.0
Armour         | 1 2 |  2.7
Stealth        | 1 |  1.4
Fighting       | 3 |  3.3
Throwing       | |  1.8

Action                     |  1- 3 |  4- 6 |  7- 9 || total
---------------------------+-------+-------+-------++-------
  Melee: War axe           |   114 |   209 |    13 ||   336
         Punch             |       |     4 |       ||     4
 Invoke: Oozemancy         |       |     1 |     1 ||     2
    Use: Scroll            |       |    12 |       ||    12
         Potion            |       |     3 |     4 ||     7
   Stab: Sleeping          |     1 |     2 |       ||     3
 Armour: Leather armour    |    74 |   167 |    14 ||   255
  Dodge: Dodged            |   100 |   193 |    10 ||   303

Table legend: (Time is in decaauts)
 A = Elapsed time spent in this place.
 B = Non-inter-level travel time spent in this place.
 C = Inter-level travel time spent in this place.
 D = Time resting spent in this place.
 E = Time spent auto-exploring this place.
 F = Levels seen in this place.
 G = Mean time per level.
                   A        B        C        D        E       F      G
               +--------+--------+--------+--------+--------+-----+--------+
         Total |   6165 |   4389 |   1776 |    400 |   2936 |   7 |  880.7 |
       Dungeon |   6165 |   4389 |   1776 |    400 |   2936 |   7 |  880.7 |
               +--------+--------+--------+--------+--------+-----+--------+

Top non-repeatable levels by time:
     D:2: 1388 daAuts
     D:3: 1333 daAuts
     D:6: 1164 daAuts
     D:4: 1027 daAuts
     D:5: 777 daAuts
     D:1: 428 daAuts
     D:7: 45 daAuts
